AoeStats
← BautiCrepeer

Lombardia

507625072Analyzed
3v3 RM · 15d ago on Sep 19, 2026· 83m 52s· 6 players
Game mode
Random Map
Map size
Normal (6 player)
Population
200
Speed
Normal
Resources
Standard
Victory
Conquest
Starting age
Dark Age
Ending age
Imperial Age
RankedLock teamsTeams togetherTeam positionsShared explorationLock speedFull tech treeHidden civsTurbo modeCheats
Victory
Defeat
🇦🇷 Romans · Argentina
1523
+11
🇧🇴 Khmer · Bolivia
1437
+14
🇦🇷 Chinese · Argentina
1303
+20
🇦🇷 Koreans · Argentina
1424
-16
🇦🇷 Gurjaras · Argentina
1393
-15
🇵🇱 Bohemians · Poland
1365
-14
InaHolmes
4:11 Loom
11:14 Feudal Age
11:43 Double-Bit Axe
13:02 Fletching
24:40 Castle Age
24:04 Stone Mining
25:20 Bodkin Arrow
27:32 Ballistics
31:18 Bow Saw
31:17 Horse Collar
33:40 Wheelbarrow
33:47 Masonry
39:06 Imperial Age
40:06 Bracer
41:10 Chemistry
41:37 Eupseong
44:51 Arrowslits
46:28 Hand Cart
48:07 Conscription
48:40 Architecture
48:39 Town Watch
49:44 Murder Holes
50:28 Treadmill Crane
52:57 Crossbowman
58:35 Thumb Ring
59:22 Arbalester
69:59 Town Patrol
Szwajson
3:02 Loom
11:21 Feudal Age
15:56 Castle Age
14:17 Double-Bit Axe
14:24 Horse Collar
23:34 Pikeman
30:07 Ballistics
33:49 Wheelbarrow
40:38 Imperial Age
38:34 Hand Cart
38:36 Bow Saw
40:49 Forging
40:39 Scale Mail Armor
40:45 Halberdier
41:26 Squires
42:45 Two-Man Saw
42:46 Conscription
43:34 Iron Casting
43:14 Chain Mail Armor
44:02 Chemistry
43:37 Fletching
45:26 Blast Furnace
47:20 Plate Mail Armor
49:00 Wagenburg Tactics
70:56 Elite Skirmisher
71:59 Bodkin Arrow
72:04 Padded Archer Armor
72:50 Bracer
73:43 Leather Archer Armor
BautiCrepeer
5:53 Loom
8:53 Feudal Age
10:03 Double-Bit Axe
22:26 Castle Age
20:33 Scale Barding Armor
21:18 Bloodlines
21:02 Gold Mining
21:09 Horse Collar
24:27 Gold Shaft Mining
24:42 Wheelbarrow
24:56 Forging
31:22 Iron Casting
31:13 Husbandry
32:29 Heavy Plow
33:28 Chain Barding Armor
44:30 Hand Cart
45:30 Bow Saw
46:19 Stone Mining
49:48 Imperial Age
47:07 Town Watch
48:53 Stone Shaft Mining
49:03 Scale Mail Armor
49:31 Kshatriyas
50:21 Chain Mail Armor
50:24 Town Patrol
51:02 Conscription
50:14 Elite Chakram Thrower
52:08 Plate Mail Armor
53:31 Chemistry
54:19 Masonry
56:17 Architecture
56:07 Treadmill Crane
59:02 Fletching
59:49 Plate Barding Armor
58:34 Light Cavalry
65:20 Sappers
[ESTG] Mauzinga
0:26 Loom
9:33 Feudal Age
17:10 Fletching
25:18 Castle Age
24:15 Padded Archer Armor
25:21 Crossbowman
25:57 Bodkin Arrow
33:45 Leather Archer Armor
37:29 Wheelbarrow
38:05 Ballistics
40:15 Imperial Age
37:38 Double-Bit Axe
37:39 Horse Collar
40:15 Bow Saw
40:54 Thumb Ring
42:42 Arbalester
43:18 Elite Fire Lancer
44:52 Scale Mail Armor
45:02 Forging
47:32 Squires
49:21 Iron Casting
49:02 Chain Mail Armor
52:47 Bracer
55:45 Plate Mail Armor
56:30 Arson
57:41 Conscription
58:52 Ring Archer Armor
62:08 Chemistry
65:46 Caravan
71:47 Heavy Rocket Cart
76:29 Pikeman
76:35 Elite Skirmisher
80:26 Capped Ram
83:09 Siege Ram
[ESTG] agentemacri777
7:01 Loom
9:42 Feudal Age
10:24 Double-Bit Axe
13:05 Scale Barding Armor
16:01 Forging
21:19 Bloodlines
23:24 Castle Age
21:28 Horse Collar
22:29 Bloodlines
22:48 Gold Mining
23:35 Wheelbarrow
24:34 Chain Barding Armor
24:19 Husbandry
24:50 Bow Saw
28:02 Iron Casting
30:54 Hand Cart
30:37 Town Watch
41:02 Imperial Age
38:01 Man-at-Arms
38:42 Squires
39:09 Long Swordsman
39:51 Scale Mail Armor
40:53 Chain Mail Armor
41:07 Legionary
43:59 Blast Furnace
45:57 Comitatenses
53:25 Fletching
65:16 Pikeman
65:57 Bodkin Arrow
66:37 Halberdier
Salv_aoe
6:25 Loom
7:54 Loom
9:40 Feudal Age
13:56 Castle Age
13:58 Scale Barding Armor
15:22 Chain Barding Armor
17:29 Forging
21:06 Husbandry
25:15 Double-Bit Axe
26:30 Bloodlines
28:17 Gold Mining
32:49 Horse Collar
33:20 Bow Saw
33:44 Stone Mining
34:23 Town Watch
35:49 Iron Casting
45:36 Imperial Age
45:08 Wheelbarrow
45:59 Gold Shaft Mining
47:16 Ballistics
47:56 Chemistry
47:24 Heavy Scorpion
48:33 Double Crossbow
49:40 Plate Barding Armor
50:34 Blast Furnace
49:35 Elite Battle Elephant
50:35 Elite Battle Elephant
55:38 Tusk Swords
56:26 Conscription
60:18 Tusk Swords
69:01 Light Cavalry
70:17 Hussar
71:45 Caravan
78:05 Town Patrol
Connection lost

Rejoining the realm…

Still unreachable

The connection could not be restored.

Session expired

The server has moved on; the page needs a fresh start.